 Dungeon Crawl Stone Soup version 0.28-a0-429-g1448048969 (webtiles) character file.

Game seed: 14402157711386201330

1489 frimble the Sneak (level 8, -11/50 HPs)
             Began as an Octopode Warper on Sept 10, 2021.
             Mangled by Prince Ribbit (19 damage)
             ... on level 7 of the Dungeon.
             The game lasted 00:16:01 (9355 turns).

frimble the Sneak (Octopode Warper)                 Turns: 9355, Time: 00:16:02

Health: -11/50     AC:  1    Str: 10      XL:     8   Next: 80%
Magic:  2/11       EV: 13    Int: 16 (17) God:
Gold:   396        SH:  0    Dex: 12      Spells: 9/11 levels left

rFire   + . .      SeeInvis .   a - +1 short sword
rCold   . . .      Faith    .   (no shield)
rNeg    . . .      Spirit   .   (helmet restricted)
rPois   +          Reflect  .   (no amulet)
rElec   .          Harm     .   e - ring of protection from fire
rCorr   .          Rampage  .   (no ring)
Will    .....                   (no ring)
Stlth   +++++.....              (no ring)
HPRegen 0.16/turn               (no ring)
MPRegen 0.12/turn               (no ring)
                                (no ring)
                                (no ring)

@: about to teleport
A: almost no armour, amphibious, 8 rings, camouflage 1, gelatinous body 1,
(nimble swimmer 1), tentacles, poison resistance, screaming 1, MP-powered wands
a: no special abilities


You were on level 7 of the Dungeon.
You visited 1 branch of the dungeon, and saw 7 of its levels.
You also visited: Ossuary.

You collected 396 gold pieces.

Inventory:

Hand Weapons
 a - a +1 short sword (weapon)
 x - a +2 dagger of chaos
Missiles
 c - 4 boomerangs of dispersal
 g - 2 boomerangs
 t - a throwing net
 w - 10 poisoned darts (quivered)
 y - 3 curare-tipped darts
Jewellery
 e - a ring of protection from fire (left tentacle)
 r - an amulet of faith
 u - a ring of ice
Wands
 m - a wand of iceblast (12)
Scrolls
 f - 2 scrolls of enchant weapon
 j - 3 scrolls of teleportation
 n - a scroll of fog
 q - a scroll of magic mapping
Potions
 h - a potion of flight
 i - a potion of might
 k - a potion of invisibility
 l - a potion of berserk rage {unknown}
 o - 2 potions of brilliance {unknown}
 p - a potion of lignification {unknown}
 s - 4 potions of curing {unknown}
 v - a potion of degeneration {unknown}
 z - a potion of cancellation
 A - 2 potions of attraction
 B - 2 potions of haste
 C - a potion of mutation


   Skills:
 - Level 2.0 Fighting
 + Level 6.0 Short Blades
 + Level 5.2 Throwing
 - Level 2.3 Dodging
 + Level 7.9 Stealth
 - Level 2.0 Spellcasting
 - Level 3.0 Translocations
 + Level 4.7 Evocations


You had 9 spell levels left.
You knew the following spells:

 Your Spells              Type           Power      Damage    Failure   Level
a - Blink                 Tloc           N/A        N/A       9%          2

Your spell library contained the following spells:

 Spells                   Type           Power      Damage    Failure   Level
 Gell's Gravitas          Tloc           5%         N/A       19%         3
 Lesser Beckoning         Tloc           11%        N/A       19%         3
 Teleport Other           Tloc           11%        N/A       19%         3
 Sublimation of Blood     Necr           0%         N/A       30%         2
 Manifold Assault         Tloc           11%        N/A       86%         5
 Hailstorm                Conj/Ice       1%         3d3       90%         4
 Ice Form                 Ice/Tmut       1%         N/A       90%         4
 Petrify                  Tmut/Erth      1%         N/A       90%         4
 Irradiate                Conj/Tmut      0%         3d13      99%         5
 Simulacrum               Ice/Necr       0%         N/A       100%        6


Dungeon Overview and Level Annotations

Branches:
Dungeon (7/15)             Temple (0/1) D:6         Ossuary (visited)

Altars:
Dithmenos
Nemelex Xobeh
Okawaru
Qazlal
Xom
Beogh

Annotations:
D:4 1 runed translucent door, yellowboar's ghost, amateur OpEE
D:7 3 runed translucent doors, Prince Ribbit; bande's ghost, amateur GrFi


Innate Abilities, Weirdness & Mutations

You cannot wear most types of armour.
You are amphibious.
You can wear up to eight rings at the same time.
Your skin changes colour to match your surroundings (Stealth+).
Your rubbery body absorbs attacks. (AC +1, EV +1)
((You are camouflaged near water. (Stealth+)))
You have tentacles for arms and can constrict up to eight enemies at once.
Your system is resistant to poisons. (rPois)
You occasionally shout uncontrollably at your foes.
You expend magic power (3 MP) to strengthen your wands.


Message History

Aiming: Charm
Press: ? - help, Shift-Dir - straight line, f/p - Prince Ribbit
Aim: Prince Ribbit (chance to affect: 45%) Prince Ribbit resists with some effort.
Prince Ribbit asks, "Just a little smooch?"
Aiming: Charm
Press: ? - help, Shift-Dir - straight line, f/p - Prince Ribbit
Aim: Prince Ribbit (chance to affect: 42%) Prince Ribbit resists with some effort.
Aiming: Charm
Press: ? - help, Shift-Dir - straight line, f/p - Prince Ribbit
Aim: Prince Ribbit (chance to affect: 42%) Prince Ribbit resists with some effort.
The now-empty wand crumbles to dust.
Okay, then.
Unknown command.
Unknown command.
Casting: Blink (safe; 9% risk of failure)
Confirm with . or Enter, or press ? or * to list all spells.
Okay, then.
Blink to where?
Press: ? - help, Dir - move target, p - Prince Ribbit
As you read the scroll of blinking, it crumbles to dust.
As you read the scroll of teleportation, it crumbles to dust.
You feel strangely unstable.
Prince Ribbit lets out a mournful croak.
Your surroundings suddenly seem different. 2 yaks come into view.
Found a scroll of noise, a scroll of magic mapping and 12 gold pieces.
A phantom comes into view. 2 yaks come into view.
Found a sapphire potion.
The yak bellows!
The yak moves out of view.
A hound comes into view.
As you read the scroll of teleportation, it crumbles to dust.
You feel strangely unstable.
Prince Ribbit hops awkwardly around.
Prince Ribbit croaks regally.
Prince Ribbit hits you!!
You die...

..( ##....##..## . ...
#.##..#..###..#.... ###..
.####.#..##.Y......W....
..#.#####............#.###W......
..................!.Y............
#..#...##....#....#.#..#........
#.(...........#.##.##.# .....$.
###.........###...##.##..........
......#.###.....@F.Y..W..........
.............##...........
............z.....#..###.........
...........z..$.......# #.# ..#
........####.###..#...###.## ..#


You could see Prince Ribbit, 2 yaks, a phantom and 3 wights.

Vanquished Creatures
  Eustachio (D:6)
  A steam dragon (D:7)
  Duvessa (D:6)
  A black bear (D:6)
  2 necrophages (D:5)
  Blork the orc (D:5)
  A water moccasin zombie (D:6)
  Dowan (D:6)
  2 crimson imps
  2 jellies
  A bullfrog zombie (D:6)
  2 hounds
  3 centaur zombies
  An orc priest (D:4)
  An iguana (D:6)
  A hound skeleton (D:5)
  2 mummies (Ossuary)
  An adder (D:2)
  7 gnolls
  A shadow imp (D:6)
  An ufetubus (D:5)
  An adder zombie (D:4)
  4 worms
  A dart slug (D:4)
  11 orcs
  4 ball pythons
  6 endoplasms
  3 giant cockroaches
  7 goblins
  7 hobgoblins
  7 jackals
  7 kobolds
  7 quokkas
  5 bats
  2 frilled lizards
  2 goblin zombies
  8 hobgoblin zombies (Ossuary)
  2 jackal zombies (Ossuary)
  12 kobold zombies (Ossuary)
  9 orc zombies (Ossuary)
  A quokka zombie (D:6)
  7 rats
  A rat zombie (Ossuary)
148 creatures vanquished.

Vanquished Creatures (others)
  A centaur (D:7)
  A gnoll (D:4)
2 creatures vanquished.

Grand Total: 150 creatures vanquished

Notes
Turn   | Place    | Note
-------+----------+-------------------------------------------
     0 | D:1      | frimble the Octopode Warper began the quest for the Orb.
     0 | D:1      | Reached XP level 1. HP: 14/14 MP: 3/3
   116 | D:1      | Reached skill level 1 in Stealth
   394 | D:1      | Reached XP level 2. HP: 19/19 MP: 5/5
   560 | D:1      | Reached skill level 2 in Stealth
   848 | D:1      | Reached XP level 3. HP: 23/24 MP: 6/6
  1300 | D:1      | Learned a level 2 spell: Blink
  1659 | D:3      | Reached skill level 3 in Stealth
  1677 | D:2      | You fall into a shaft and drop 1 floor!
  2197 | D:2      | Reached XP level 4. HP: 29/29 MP: 7/7
  2598 | D:2      | Found a faded altar of an unknown god.
  3406 | D:3      | Found an iron altar of Okawaru.
  3432 | D:3      | Gained mutation: You occasionally shout uncontrollably at
                  | your foes. [potion of mutation]
  3432 | D:3      | Gained mutation: Your body sometimes deteriorates upon
                  | taking damage. [potion of mutation]
  3432 | D:3      | Gained mutation: Your flesh is heat resistant. (rF+)
                  | [potion of mutation]
  3885 | D:4      | Reached XP level 5. HP: 17/34 MP: 8/8
  4146 | D:4      | Reached skill level 4 in Stealth
  4213 | D:4      | Found a shadowy altar of Dithmenos.
  5199 | D:4      | Reached XP level 6. HP: 24/39 MP: 9/9
  5363 | D:4      | Found a runed translucent door.
  5365 | D:4      | Noticed yellowboar's ghost (amateur OpEE)
  5651 | D:5      | Entered Level 5 of the Dungeon
  5674 | D:5      | Noticed Blork the orc
  5683 | D:5      | Killed Blork the orc
  5684 | D:5      | Reached skill level 5 in Stealth
  5684 | D:5      | Reached skill level 1 in Evocations
  5738 | D:5      | Noticed a necrophage
  5856 | D:5      | Killed a necrophage
  6006 | D:5      | Reached XP level 7. HP: 20/45 MP: 10/10
  6292 | D:5      | Found a shimmering altar of Xom.
  6914 | D:6      | Reached skill level 6 in Stealth
  6925 | D:6      | Found a sparkling altar of Nemelex Xobeh.
  7027 | D:6      | Found a sand-covered staircase.
  7034 | Ossuary  | Entered an ossuary
  7368 | Ossuary  | Reached skill level 5 in Short Blades
  7860 | D:6      | Noticed Eustachio
  7877 | D:6      | Killed Eustachio
  7878 | D:6      | Reached XP level 8. HP: 50/50 MP: 11/11
  8147 | D:6      | Found a staircase to the Ecumenical Temple.
  8280 | D:6      | Found a stormy altar of Qazlal.
  8297 | D:6      | Reached skill level 7 in Stealth
  8697 | D:6      | Noticed Dowan
  8698 | D:6      | Noticed Duvessa
  8710 | D:6      | Killed Dowan
  8738 | D:6      | Killed Duvessa
  9061 | D:7      | Found a runed translucent gate.
  9061 | D:7      | Noticed bande's ghost (amateur GrFi)
  9061 | D:7      | Identified the +4 chain mail of Beogh's Benevolence {Int+3}
  9062 | D:7      | Found a runed translucent gate.
  9063 | D:7      | Found a runed translucent gate.
  9069 | D:7      | Found the +3 pair of seven-league boots {Rampage+∞}
  9110 | D:7      | Lost mutation: Your body sometimes deteriorates upon taking
                  | damage. [potion of mutation]
  9110 | D:7      | Lost mutation: Your flesh is heat resistant. (rF+) [potion
                  | of mutation]
  9110 | D:7      | Gained mutation: You expend magic power (3 MP) to
                  | strengthen your wands. [potion of mutation]
  9110 | D:7      | Gained mutation: Your system is resistant to poisons.
                  | (rPois) [potion of mutation]
  9136 | D:7      | Reached skill level 5 in Throwing
  9334 | D:7      | Noticed Prince Ribbit
  9343 | D:7      | Noticed a yak
  9343 | D:7      | Noticed a yak
  9345 | D:7      | Noticed a yak
  9345 | D:7      | Noticed a yak
  9355 | D:7      | Mangled by Prince Ribbit

Illustrated notes

Levels and vault maps discovered:
D:1:      sevenhm_arrival_forest_fort_large_2, layout_loops_ring
D:2:      layout_basic, shapermc_ecumenical_altar_mp_vishouse, minivault_5,
          kennysheep_generic_room_16
D:3:      layout_loops_ring, okawaru_altar_gauntlet_db, dk_noncrumbling_3
D:4:      layout_rooms, nicolae_dithmenos_the_darkroom, ebering_ghost_sewer_d
D:5:      layout_cave_pools, led_xom_imps, chequers_serial_rivers_small_b,
          minmay_increasing_density, uniq_blork_the_orc
D:6:      layout_cave_pods, grunt_qazlal_clouds, mainiacjoe_overflow_brackets,
          minmay_temple_entry_purple_smoke, enter_ossuary_4, uniq_eustachio,
          uniq_duvessa
D:7:      layout_rooms, biasface_ghost_orc_armoury, item_on_display_a,
          uniq_prince_ribbit1

Skill      XL: |  1  2  3  4  5  6  7  8 |
---------------+-------------------------+-----
Stealth        | 1 2 3 4 5 6 7 |  7.9
Short Blades   | 3 4 5 6 |  6.0
Throwing       | 2 3 4 5 |  5.2
Evocations     | 2 3 4 |  4.7
Fighting       | |  2.0
Dodging        | |  2.3
Spellcasting   | |  2.0
Translocations | |  3.0

Action                   |  1- 3 |  4- 6 |  7- 9 || total
-------------------------+-------+-------+-------++-------
Melee: Short sword       |    69 |   120 |   170 ||   359
       Constrict         |    14 |    29 |    39 ||    82
       Tentacles         |    11 |    23 |    25 ||    59
       Dagger            |       |       |     8 ||     8
Throw: Boomerang         |     5 |    45 |     4 ||    54
       Dart              |       |       |    33 ||    33
 Cast: Blink             |       |     1 |     5 ||     6
Evoke: Wand              |       |     6 |    10 ||    16
  Use: Scroll            |     3 |     7 |     7 ||    17
       Potion            |       |     2 |     4 ||     6
 Stab: Sleeping          |    17 |     4 |     2 ||    23
       Paralysed         |       |     4 |       ||     4
       Invisible         |       |       |     1 ||     1
Armor: Skin              |     5 |     4 |    22 ||    31
Dodge: Dodged            |    39 |    79 |   110 ||   228

Table legend: (Time is in decaauts)
 A = Elapsed time spent in this place.
 B = Non-inter-level travel time spent in this place.
 C = Inter-level travel time spent in this place.
 D = Time resting spent in this place.
 E = Time spent auto-exploring this place.
 F = Levels seen in this place.
 G = Mean time per level.
                   A        B        C        D        E       F      G
               +--------+--------+--------+--------+--------+-----+--------+
         Total |   9309 |   8872 |    437 |    237 |   7143 |   8 | 1163.6 |
       Dungeon |   8802 |   8365 |    437 |    213 |   6869 |   7 | 1257.4 |
       Ossuary |    506 |    506 |      0 |     24 |    274 |   1 |  506.0 |
               +--------+--------+--------+--------+--------+-----+--------+

Top non-repeatable levels by time:
     D:3: 2162 daAuts
     D:6: 1715 daAuts
     D:4: 1658 daAuts
     D:1: 1289 daAuts
     D:2: 1044 daAuts
     D:5: 747 daAuts
 Ossuary: 506 daAuts
     D:7: 184 daAuts
